 Dungeon Crawl Stone Soup version 0.21.1-1-g345015f (webtiles) character file.

415 letownia2 the Spear-Bearer (level 6, -5/44 HPs)
             Began as a Merfolk Skald on Mar 12, 2018.
             Slain by a wight
             ... wielding a +1 halberd
              (11 damage)
             ... in an ossuary.
             The game lasted 00:09:21 (1484 turns).

letownia2 the Spear-Bearer (Merfolk Skald)          Turns: 1484, Time: 00:09:21

Health: -5/44      AC:  3    Str: 11    XL:     6   Next: 91%
Magic:  2/9        EV: 12    Int: 14    God:
Gold:   66         SH:  0    Dex: 14    Spells: 1/9 levels left

rFire    . . .     SeeInvis .   a - +0 spear
rCold    . . .     Gourm    +   (no shield)
rNeg     . . .     Faith    .   b - +0 leather armour
rPois    .         Spirit   .   (no helmet)
rElec    .         Reflect  .   (no cloak)
rCorr    .         Harm     .   (no gloves)
MR       .....                  (no boots)
Stlth    ..........             h - amulet of the gourmand
HPRegen  0.14/turn              e - ring of loudness (curse)
MPRegen  0.11/turn              (no ring)

@: drained
A: change form in water, swift swim, stealthy swim
a: no special abilities


You were in an ossuary.
You were not hungry.

You visited 1 branch of the dungeon, and saw 4 of its levels.
You also visited: Ossuary.

You collected 66 gold pieces.

Inventory:

Hand Weapons
 a - a +0 spear (weapon)
 j - a cursed -1 dagger
Armour
 b - a +0 leather armour (worn)
 u - a +0 cloak
Jewellery
 e - a cursed ring of loudness (left hand)
 h - an amulet of the gourmand (around neck)
Scrolls
 g - 3 scrolls of magic mapping {unknown}
 k - 3 scrolls of fog {unknown}
 l - 2 scrolls of teleportation
 n - a scroll of random uselessness {unknown}
 p - a scroll of noise {unknown}
 r - 3 scrolls of remove curse {unknown}
Potions
 f - a potion of flight
 i - 2 potions of brilliance {unknown}
 m - a potion of heal wounds
 o - 2 potions of curing
 q - a potion of might
 s - a potion of berserk rage {unknown}
Books
 c - a book of Battle

   Spells                             Type                      Level
   a - Infusion                       Charms                       1
   b - Shroud of Golubria             Charms/Translocation         2
   c - Song of Slaying                Charms                       2
   d - Spectral Weapon                Hexes/Charms                 3
   e - Regeneration                   Charms/Necromancy            3
Comestibles
 d - 6 rations


   Skills:
 - Level 2.1(1.9) Fighting
 + Level 8.6(8.3) Polearms
 - Level 0.6(0.3) Armour
 - Level 2.6(2.4) Dodging
 - Level 2.0(1.7) Spellcasting
 - Level 1.0(0.8) Hexes
 - Level 4.2(3.9) Charms
 - Level 2.0(1.7) Translocations


You had one spell level left.
You knew the following spells:

 Your Spells              Type           Power        Failure   Level  Hunger
a - Infusion              Chrm           ##..         6%          1    ##.....
l - Song of Slaying       Chrm           ##......     10%         2    ###....
t - Shroud of Golubria    Chrm/Tloc      #.........   16%         2    ###....
x - Spectral Weapon       Hex/Chrm       #.......     36%         3    ####...


Dungeon Overview and Level Annotations

Branches:
Dungeon (4/15)
 Temple: D:4-7

Altars:


Message History

You reach to attack!
You hit the wight.
The wight is moderately damaged.
Your spectral weapon hits the wight.
Unknown command.
Attack whom?
Press: ? - help, Dir - move target cursor, f/p - wight
Aim: a wight, wielding an enchanted halberd and wearing a robe (moderately damaged)
You could not reach far enough!
The wight hits you from afar with an enchanted halberd!
* * * LOW HITPOINT WARNING * * *
Your shroud falls apart!
Unknown command.
Attack whom?
Press: ? - help, Dir - move target cursor, f/p - wight
Aim: a wight, wielding an enchanted halberd and wearing a robe (moderately damaged)
You reach to attack!
You hit the wight.
The wight is heavily damaged.
Your spectral weapon hits the wight but does no damage.
The wight hits you from afar with an enchanted halberd!
You die...

##.## ##.# ###..#
#..)## ##...###
#####......##
#.##........##
#+#+#+#'#..........#
.......@'.......#..#
#+#+#+#(#......##.##
#z##......#.#
#####....##.#
##.....## ##...##
#####


You could see a wight and a friendly spectral spear.

Vanquished Creatures
  A phantom (D:4)
  An ogre (D:2)
  A scorpion (D:2)
  A wight (Ossuary)
  Jessica (D:2)
  2 worker ants (D:4)
  A mummy (D:4)
  2 adders (D:4)
  An adder skeleton (D:4)
  A leopard gecko (D:1)
  A giant cockroach (D:1)
  8 goblins
  2 hobgoblins (D:1)
  3 jackals (D:3)
  2 quokkas
  A ball python (D:3)
  6 bats
  6 frilled lizards
  7 kobolds
  A leopard gecko skeleton (D:4)
  5 rats
54 creatures vanquished.

Notes
Turn   | Place    | Note
-------+----------+-------------------------------------------
     0 | D:1      | letownia2 the Merfolk Skald began the quest for the Orb.
     0 | D:1      | Reached XP level 1. HP: 16/16 MP: 3/3
    77 | D:1      | Reached skill level 4 in Polearms
    77 | D:1      | Reached XP level 2. HP: 13/22 MP: 0/5
    89 | D:1      | Learned a level 2 spell: Shroud of Golubria
   262 | D:2      | Reached skill level 1 in Translocations
   270 | D:2      | Noticed Jessica
   276 | D:2      | Killed Jessica
   276 | D:2      | Reached XP level 3. HP: 19/27 MP: 1/6
   281 | D:2      | Learned a level 3 spell: Spectral Weapon
   499 | D:3      | Reached skill level 1 in Hexes
   539 | D:3      | Noticed an ogre
   646 | D:2      | Killed an ogre
   646 | D:2      | Reached skill level 5 in Polearms
   646 | D:2      | Reached XP level 4. HP: 11/33 MP: 1/7
   646 | D:2      | Reached XP level 5. HP: 13/38 MP: 1/8
   650 | D:2      | Learned a level 2 spell: Song of Slaying
   811 | D:2      | Reached skill level 6 in Polearms
   887 | D:3      | Found a faded altar of an unknown god.
  1026 | D:4      | Reached XP level 6. HP: 44/44 MP: 3/9
  1089 | D:4      | Noticed a phantom
  1126 | D:4      | Killed a phantom
  1126 | D:4      | Reached skill level 7 in Polearms
  1364 | D:4      | Reached skill level 8 in Polearms
  1381 | D:4      | Found a sand-covered staircase.
  1424 | Ossuary  | Entered an ossuary
  1484 | Ossuary  | Slain by a wight

Skill      XL: |  1  2  3  4  5  6 |
---------------+-------------------+-----
Polearms       | 4 5 6 8 |  8.6
Translocations | 2 |  2.0
Hexes          | 1 |  1.0
Charms         | 4 |  4.2
Fighting       | |  2.1
Armour         | |  0.6
Dodging        | |  2.6
Spellcasting   | |  2.0

Action                   |  1- 3 |  4- 6 || total
-------------------------+-------+-------++-------
Melee: Spear             |   140 |   167 ||   307
       Tailslap          |     2 |       ||     2
 Cast: Infusion          |     6 |     1 ||     7
       Shroud of Golubri |     5 |    16 ||    21
       Spectral Weapon   |       |     3 ||     3
       Song of Slaying   |       |     1 ||     1
  Use: Scroll            |       |     4 ||     4
       Potion            |       |     2 ||     2
  Eat: Chunk             |       |     5 ||     5
Armor: Leather armour    |    32 |    20 ||    52
Dodge: Dodged            |    66 |    66 ||   132
